 Dungeon Crawl Stone Soup version 0.24.1-1-gd1d2a07e1b (webtiles) character file.

Game seed: 12291056054752956762, levelgen mode: deterministic

137 Descartes the Magician (level 5, 0/28 HPs)
             Began as a Deep Elf Air Elementalist on Apr 8, 2020.
             Slain by Grinder (9 damage)
             ... on level 3 of the Dungeon.
             The game lasted 00:07:22 (2231 turns).

Descartes the Magician (Deep Elf Air Elementalist)  Turns: 2231, Time: 00:07:22

Health: 0/28       AC:  3    Str:  5    XL:     5   Next: 0%
Magic:  12/12      EV: 13    Int: 21    God:
Gold:   146        SH:  0    Dex: 15    Spells: 10/11 levels left

rFire    . . .     SeeInvis .   b - -3 dagger (curse)
rCold    . . .     Gourm    .   (no shield)
rNeg     . . .     Faith    .   a - +0 robe
rPois    .         Spirit   .   r - +0 helmet
rElec    .         Reflect  .   (no cloak)
rCorr    .         Harm     .   (no gloves)
MR       .....                  (no boots)
Stlth    ++........             (no amulet)
HPRegen  0.09/turn              (no ring)
MPRegen  0.13/turn              (no ring)

@: no status effects
A: no striking features
a: no special abilities


You were on level 3 of the Dungeon.
You were not hungry.

You visited 1 branch of the dungeon, and saw 3 of its levels.

You collected 146 gold pieces.

Inventory:

Hand Weapons
 b - a cursed -3 dagger (weapon)
Missiles
 d - 125 sling bullets
 g - 160 stones (quivered)
 p - 10 javelins
 q - 19 bolts
 s - 15 poisoned darts
Armour
 a - a +0 robe (worn)
 n - a +0 large shield
 r - a +0 helmet (worn)
Scrolls
 e - 4 scrolls of teleportation
 j - 3 scrolls of remove curse
 k - a scroll of amnesia {unknown}
 l - 4 scrolls of immolation
 u - a scroll of enchant armour {unknown}
Potions
 f - a potion of resistance
 h - a potion of curing
 i - 2 potions of cancellation
Comestibles
 c - 2 rations
 m - 7 chunks of flesh


   Skills:
 + Level 1.2 Armour
 - Level 3.0 Dodging
 + Level 3.3 Stealth
 * Level 1.4 Shields
 + Level 3.8 Spellcasting
 + Level 2.1 Conjurations
 + Level 3.4 Air Magic


You had 10 spell levels left.
You knew the following spells:

 Your Spells              Type           Power        Failure   Level  Hunger
a - Shock                 Conj/Air       ###.         3%          1    None

Your spell library contained the following spells:

 Spells                   Type           Power        Failure   Level  Hunger
 Swiftness                Chrm/Air       ##......     9%          2    #......
 Static Discharge         Conj/Air       ###.....     12%         3    ###....
 Airstrike                Air            ###.......   28%         4    ####...
 Lightning Bolt           Conj/Air       ###.......   71%         5    ######.


Dungeon Overview and Level Annotations

Branches:
Dungeon (3/15)

Altars:
Elyvilon

Annotations:
D:3 Grinder


Message History

You writhe in agony.
* * * LOW HITPOINT WARNING * * *
You're too confused to cast spells.
You hit Grinder but do no damage.
Grinder is severely wounded.
You feel less invigorated.
You feel less confused. Grinder misses you.
You feel better. Grinder hits you.
You closely miss Grinder.
Grinder is severely wounded.
Grinder hits you but does no damage.
Casting: Shock (safe; 3% risk of failure)
Confirm with . or Enter, or press ? or * to list all spells.
Aiming: Shock (safe; 3% risk of failure)
Press: ? - help, Shift-Dir - straight line That beam is likely to hit you.
Continue anyway?
Okay, then.
Grinder hits you!
You die...

#.#....## #.#..)..
#.#....##.#.##).##
#######.#.#####.#.......
...................)....
###...#.#.#......)###..#
#.#+#+#.#.###)#.# #.#
#####.......#.# # #.# .#
#........÷..#.. #.# ..
#....÷...@..#######.# #.
#......<5............
#......####.#########
#####.........#
#######...# #...# #.....
#......# #......#


You could see Grinder.

Vanquished Creatures
  Robin (D:2)
  4 gnolls
  3 adders
  An ooze (D:2)
  A ball python (D:1)
  5 bats
  2 giant cockroaches (D:2)
  11 goblins
  8 hobgoblins
  A quokka (D:2)
  3 frilled lizards
  7 kobolds
  8 rats
55 creatures vanquished.

Notes
Turn   | Place    | Note
-------+----------+-------------------------------------------
     0 | D:1      | Descartes the Deep Elf Air Elementalist began the quest for
                  | the Orb.
     0 | D:1      | Reached XP level 1. HP: 10/10 MP: 6/6
   164 | D:1      | Reached XP level 2. HP: 15/15 MP: 2/8
   920 | D:2      | Reached XP level 3. HP: 19/19 MP: 7/10
  1106 | D:1      | Reached XP level 4. HP: 24/24 MP: 2/11
  1250 | D:2      | Reached skill level 1 in Armour
  1271 | D:2      | Reached skill level 1 in Shields
  1408 | D:2      | Found a white marble altar of Elyvilon.
  1915 | D:3      | Noticed Robin
  2017 | D:2      | Killed Robin
  2178 | D:3      | Reached XP level 5. HP: 28/28 MP: 6/12
  2194 | D:3      | Noticed Grinder
  2219 | D:3      | Paralysed by Grinder for 2 turns
  2227 | D:3      | HP: 1/28 [Grinder (4)]
  2231 | D:3      | Slain by Grinder

Levels and vault maps discovered:
D:1:      lemuel_arrival_broad_hall, layout_basic, minmay_split_cup_small
D:2:      layout_loops_ring, elyvilon_altar_5
D:3:      layout_basic, chequers_ecumenical_altar_twisty, uniq_terence,
          uniq_robin, uniq_grinder

Skill      XL: |  1  2  3  4 |
---------------+-------------+-----
Stealth        | 3 |  3.3
Dodging        | 3 |  3.0
Armour         | 1 |  1.2
Shields        | 1 |  1.4
Conjurations   | 2 |  2.1
Spellcasting   | |  3.8
Air Magic      | |  3.4

Action                   |  1- 3 |  4- 6 || total
-------------------------+-------+-------++-------
Melee: Dagger            |       |     3 ||     3
 Cast: Shock             |    58 |    65 ||   123
  Use: Scroll            |       |     6 ||     6
       Potion            |       |     5 ||     5
  Eat: Chunk             |       |     4 ||     4
Armor: Robe              |       |     2 ||     2
Dodge: Dodged            |     7 |    20 ||    27
